 Dungeon Crawl Stone Soup version 0.17.0-57-g0e89251 (webtiles) character file.

39 d23 the Skirmisher (level 3, 0/29 HPs)
             Began as a Demonspawn Berserker on Dec 8, 2015.
             Was a Believer of Trog.
             Slain by Sigmund
             ... wielding a +0 scythe
              (1 damage)
             ... on level 2 of the Dungeon.
             The game lasted 00:14:49 (1785 turns).

d23 the Skirmisher (Demonspawn Berserker)           Turns: 1785, Time: 00:14:49

Health: 0/29       AC: 10    Str: 18    XL:     3   Next: 26%
Magic:  3/3        EV:  6    Int:  8    God:    Trog [**....]
Gold:   102        SH:  0    Dex: 14    Spells: 0 memorised, 2 levels left

rFire  . . .     SeeInvis .     a - +0 mace
rCold  . . .     Clarity  .     q - +0 plate armour
rNeg   . . .     SustAt   .     (no shield)
rPois  +         Gourm    .     (no helmet)
rElec  .         Spirit   .     (no cloak)
rCorr  .         Warding  .     (no gloves)
rMut   .         Stasis   +     (no boots)
MR     .....                    t - amulet of stasis
Stlth  ..........               (no ring)
                                c - ring of poison resistance

@: confused, not resistant to hostile enchantments, extremely unstealthy
A: thin skeletal structure 1
a: Berserk, Trog's Hand, Burn Spellbooks, Renounce Religion


You were on level 2 of the Dungeon.
You worshipped Trog.
Trog was pleased with you.
You were not hungry.

You visited 1 branch of the dungeon, and saw 2 of its levels.

You collected 102 gold pieces.

Inventory:

Hand Weapons
 a - a +0 mace (weapon)
 e - a +0 club
 f - a +0 club
 g - a +0 dagger
 h - a +0 club
 l - a +0 dagger
 n - a +0 hunting sling
 o - a +0 club
 u - a +0 whip
 v - a +0 dagger
 x - a +0 hand axe
Missiles
 m - 13 bolts
 p - 64 stones (quivered)
Armour
 b - a +0 animal skin
 q - a +0 plate armour (worn)
Jewellery
 c - a ring of poison resistance (left hand)
 t - an amulet of stasis (around neck)
 y - an uncursed amulet of stasis
Scrolls
 d - a scroll of identify {unknown}
 k - a scroll of remove curse {unknown}
 z - a scroll of teleportation {unknown}
 A - a scroll of amnesia {unknown}
Potions
 i - 2 potions of agility {unknown}
 s - 2 potions of heal wounds {unknown}
Comestibles
 j - 2 meat rations
 r - a beef jerky
 w - 2 chunks of flesh


   Skills:
 + Level 3.4 Fighting
 + Level 3.2 Maces & Flails
 + Level 1.8 Armour
 + Level 2.2 Dodging


You had 2 spell levels left.
You didn't know any spells.

Dungeon Overview and Level Annotations

Branches:
Dungeon (2/15)

Altars:
Ashenzari
Ru

Annotations:
D:2 Sigmund


Innate Abilities, Weirdness & Mutations

You have a somewhat thin skeletal structure (Dex +2, Stealth).


Message History

You hear some strange, mumbled words.
Something tries to affect you, but you resist.
You hear some strange, mumbled words.
You are confused.
A puff of flame appears from out of thin air!
The puff of flame hits you!
* * * LOW HITPOINT WARNING * * *
You hear some strange, mumbled words.
Something tries to affect you, but you resist.
Something hits you.
* * * LOW HITPOINT WARNING * * *
There isn't anything here!
There isn't anything here!
You offer a prayer to Trog.
Trog is pleased with you.
That item cannot be evoked!
You aren't carrying any items that can be evoked.
You're too confused!
You barely miss something. Something hits you.
You die...

#............#.## ##.....
#######...#..#.### #...##
###..#.....###.....
#..#..##.....#.##
###..._......#...##
#...##.#####..#....
####.####.# ##....## #
#......##.# ####......
#...#....@.#..###....##...
#.........{...#....#####.##
#...################ #.#
#.. ..# # .#.# ....# .. ###
...


There were no monsters in sight!

Vanquished Creatures
  An ooze (D:2)
  A ball python (D:1)
  3 giant cockroaches (D:2)
  7 goblins
  6 hobgoblins (D:1)
  4 kobolds
  A bat (D:1)
  6 giant newts
  5 rats
34 creatures vanquished.

Notes
Turn   | Place    | Note
--------------------------------------------------------------
     0 | D:1      | d23 the Demonspawn Berserker began the quest for the Orb.
     0 | D:1      | Reached XP level 1. HP: 18/18 MP: 1/1
   493 | D:1      | Gained mutation: You have a somewhat thin skeletal structure (Dex +2, Stealth). [demonic ancestry]
   493 | D:1      | Reached XP level 2. HP: 20/24 MP: 2/2
  1384 | D:2      | Reached XP level 3. HP: 27/29 MP: 3/3
  1454 | D:2      | Reached ** piety under Trog
  1487 | D:2      | Found a sacrificial altar of Ru.
  1546 | D:2      | Found a shattered altar of Ashenzari.
  1707 | D:2      | Noticed Sigmund
  1783 | D:2      | HP: 1/29 [something (4)]
  1785 | D:2      | Slain by Sigmund

Action                   || total
-------------------------++-------
Melee: Mace              ||   107
 Stab: Distracted        ||     1
  Eat: Bread ration      ||     1
       Chunk             ||     1
